 Dungeon Crawl Stone Soup version 0.28.0-49-g6dfe1f597d (console) character file.

Game seed: 6266489638434483579

137 Faeu the Chopper (level 5, -2/47 HPs)
             Began as a Minotaur Berserker on May 15, 2022.
             Was a Believer of Trog.
             Killed from afar by an orc wizard (8 damage)
             ... with a magic dart
             ... on level 3 of the Dungeon.
             The game lasted 00:01:49 (2174 turns).

Faeu the Chopper (Minotaur Berserker)               Turns: 2174, Time: 00:01:50

Health: -2/47      AC:  2    Str: 24    XL:     5   Next: 0%
Magic:  4/4        EV: 13    Int:  4    God:    Trog [**....]
Gold:   104        SH:  0    Dex: 15    Spells: 4/4 levels left

rFire   . . .      SeeInvis .   a - +0 hand axe {axe}
rCold   . . .      Faith    .   (no shield)
rNeg    . . .      Spirit   .   b - +0 animal skin
rPois   .          Reflect  .   (helmet restricted)
rElec   .          Harm     .   (no cloak)
rCorr   .          Rampage  .   (no gloves)
Will    .....                   (no boots)
Stlth   +.........              (no amulet)
HPRegen 0.15/turn               h - +6 ring of dexterity
MPRegen 0.09/turn               (no ring)

@: confused, on berserk cooldown, slowed, very slow
A: horns 2, retaliatory headbutt
a: Renounce Religion, Berserk, Trog's Hand


You were on level 3 of the Dungeon.
You worshipped Trog.
Trog was pleased with you.
You visited 1 branch of the dungeon, and saw 3 of its levels.

You collected 104 gold pieces.


Innate Abilities, Weirdness & Mutations

You have a pair of horns on your head.
You reflexively headbutt those who attack you in melee.


   Skills:
 + Level 4.6 Fighting
 + Level 4.7 Axes
 + Level 3.7 Armour
 + Level 3.3 Dodging


You had 4 spell levels left.
You didn't know any spells.
Your spell library was empty.

Inventory:

Hand Weapons
 a - a +0 hand axe (weapon) {axe}
 e - a +1 short sword of draining {short}
   (You took it off a kobold on level 1 of the Dungeon)
Armour
 b - a +0 animal skin (worn)
 g - a +1 pair of gloves
   (You found it on level 2 of the Dungeon)
Jewellery
 h - a +6 ring of dexterity (left hand)
   (You found it on level 3 of the Dungeon)
Scrolls
 d - a scroll of enchant weapon {unknown}
 f - 2 scrolls of identify {unknown}
Potions
 c - 2 potions of flight {unknown}

Dungeon Overview and Level Annotations

Branches:
Dungeon (3/15)

Altars:

#########
#.......######
#.#####o.....#
#.# #o####.#.
#.# #@o......
#.# #.####.#.
#.# #.# #..
... #.# ..#
#.# #..# ..#
#..# ...#


You could see an orc priest, an orc wizard and an orc.


Message History

Done exploring.
No target in view!
Done exploring.
No target in view!
Done exploring.
No target in view!
Done exploring.
No target in view!
(D) Dungeon
Where to? (Enter - D:2, ? - help)
There is a stone staircase leading down here.
You climb downwards.
There is a stone staircase leading up here.
There are monsters nearby!
You hit the orc wizard but do no damage.
The orc wizard barely misses you. You furiously retaliate!
You headbutt the orc wizard. The orc barely misses you.
The orc wizard points at you and mumbles some strange words.
The puff of flame hits you. 😕 HP[-4]
You take 4 damage, and now have 37/41 hp.
A red film seems to cover your vision as you go berserk!
You feel yourself moving faster!
You feel mighty!
The orc wizard hits you with a +0 dagger. 😕 HP[+15]
You now have 61 max hp (+20).
You regained 15 hp, and now have 52/61 hp.
You barely miss the orc wizard. You slash the orc!
You kill the orc!
Trog accepts your kill.
You barely miss the orc wizard.
The orc wizard closely misses you. 😕 HP[+1]
You closely miss the orc wizard. You hit the orc but do no damage.
The orc hits you with a +0 short sword. The orc wizard casts a spell at you.
The puff of flame hits you! 😮 HP[-13]
You take 13 damage, and now have 40/61 hp.
MASSIVE DAMAGE!! (PAUSE)
You barely miss the orc wizard. You headbutt the orc wizard! You hit the orc.
You barely miss the orc wizard. You hit the orc.
You kill the orc!
Trog accepts your kill.
The orc wizard points at you and mumbles some strange words.
You are confused.
You have reached level 5! 😮 HP[+6] MP[+1]
You now have 70 max hp (+9).
You regained 6 hp, and now have 46/70 hp.
Your mp is fully restored (4).
You bump into the rock wall.
The orc wizard casts a spell at you. The puff of flame hits you! 😮 HP[-9]
You take 9 damage, and now have 37/70 hp.
You bump into the rock wall.
You feel a strong urge to attack something.
The orc closely misses you.
The orc priest calls upon Beogh to heal the orc wizard.
The orc wizard is healed somewhat.
You are no longer berserk.
You are exhausted.
You feel yourself slow down. The orc barely misses you.
Items here: )) [ †. 😮 HP[-12]
You now have 47 max hp (-23).
You're too confused to move!
The orc wizard gestures at you while chanting.
You are more confused.
The orc closely misses you.
The orc wizard hits you with a +0 dagger.
* * * LOW HITPOINT WARNING * * *
😨 HP[-3]
You take 3 damage, and now have 22/47 hp.
You closely miss the orc wizard. Your headbutt misses the orc wizard.
You barely miss the orc. The orc hits you but does no damage.
The orc wizard casts a spell at you. The magic dart hits you!
* * * LOW HITPOINT WARNING * * *
The orc barely misses you. 😨 HP[-8]
You take 8 damage, and now have 14/47 hp.
You bump into the rock wall.
The orc wizard closely misses you.
The orc priest begins to cast a cantrip, but forgets the words!
The orc barely misses you.
The orc wizard points at you and mumbles some strange words.
The magic dart hits you!
* * * LOW HITPOINT WARNING * * *
😱 HP[-8]
You take 8 damage, and now have 6/47 hp.
You're too confused to move!
The orc misses you.
You hit the orc. You hit the orc wizard. The orc barely misses you.
The orc wizard completely misses you.
The orc priest looks braver for a moment.
You bump into the rock wall.
The orc misses you. The orc wizard casts a spell at you.
The magic dart hits you!
You die...

Skill      XL: |  1  2  3 |
---------------+----------+-----
Axes           | 4 |  4.7
Fighting       | 4 |  4.6
Armour         | 3 |  3.7
Dodging        | 3 |  3.3

Action                   |  1- 3 |  4- 6 || total
-------------------------+-------+-------++-------
Melee: Hand axe          |    67 |    31 ||    98
       Headbutt          |    10 |     3 ||    13
Invok: Berserk           |       |     2 ||     2
Armor: Animal skin       |     7 |     5 ||    12
Dodge: Dodged            |    38 |    24 ||    62

Levels and vault maps discovered:
D:1:      psy_arrival_radial02, layout_loops_ring, ebering_ecumenical_altar_rust
D:2:      layout_rooms, st_stairs_2, uniq_natasha
D:3:      layout_loops_cross, minmay_vboxes

Notes
Turn   | Place    | Note
-------+----------+-------------------------------------------
     0 | D:1      | Faeu the Minotaur Berserker began the quest for the Orb.
     0 | D:1      | Reached XP level 1. HP: 19/19 MP: 0/0
     0 | D:1      | magus.rc [v1.9.6]
   248 | D:1      | Reached XP level 2. HP: 27/27 MP: 1/1
   425 | D:1      | Reached skill level 4 in Axes
   441 | D:1      | Reached skill level 4 in Fighting
   734 | D:1      | Reached skill level 3 in Armour
   771 | D:1      | Reached XP level 3. HP: 32/33 MP: 2/2
   789 | D:1      | Reached ** piety under Trog
   979 | D:1      | Found a faded altar of an unknown god.
  1257 | D:2      | Noticed Natasha
  1268 | D:2      | Killed Natasha
  1269 | D:2      | Reached skill level 3 in Dodging
  1274 | D:2      | HP: 7/33 [dart slug/slug dart (4)]
  1648 | D:2      | Reached XP level 4. HP: 41/41 MP: 3/3
  1943 | D:2      | Noticed Natasha
  1953 | D:2      | Killed Natasha
  1955 | D:2      | Noticed Natasha
  1972 | D:2      | Killed Natasha
  2166 | D:3      | Reached XP level 5. HP: 46/47 MP: 4/4
  2171 | D:3      | HP: 6/47 [orc wizard/magic dart (9)]
  2174 | D:3      | Killed from afar by an orc wizard

Vanquished Creatures
  Natasha (thrice) (D:2)
  An adder (D:2)
  3 dart slugs
  2 orcs (D:3)
  5 endoplasms
  A giant cockroach (D:2)
  6 goblins
  3 hobgoblins
  4 jackals (D:1)
  4 quokkas
  A ball python (D:2)
  4 bats
  A frilled lizard (D:1)
  4 kobolds
  2 rats
44 creatures vanquished.

Table legend:
 A = Non-vault XP
 B = Vault XP
 C = Vault XP percentage of total XP
 D = Non-vault monster count
 E = Vault monster count
 F = Vault count percentage of total count
                 A         B        C        D         E       F
            +---------+---------+-------+---------+---------+-------
      Total |     160 |      37 |  18.8 |      41 |       3 |   6.8
            +---------+---------+-------+---------+---------+-------
        D:1 |      48 |       0 |   0.0 |      24 |       0 |   0.0
        D:2 |     106 |      37 |  25.9 |      15 |       3 |  16.7
        D:3 |       6 |       0 |   0.0 |       2 |       0 |   0.0
            +---------+---------+-------+---------+---------+-------

Illustrated notes

Table legend:
 A = Kills in this place as a percentage of kills in entire the game.
 B = Kills by you in this place as a percentage of kills by you in the entire game.
 C = Kills by friends in this place as a percentage of kills by friends in the entire game.
 D = Other kills in this place as a percentage of other kills in the entire game.
 E = Experience gained in this place as a percentage of experience gained in the entire game.
 F = Experience gained in this place divided by the number of levels of this place that you have seen.
                   A       B       C       D       E      F
               +-------+-------+-------+-------+-------+----------------------
         Total | 100.0 | 100.0 |   N/A |   N/A | 100.0 |  65.7
       Dungeon | 100.0 | 100.0 |   N/A |   N/A | 100.0 |  65.7
               +-------+-------+-------+-------+-------+----------------------

Table legend: (Time is in decaauts)
 A = Elapsed time spent in this place.
 B = Non-inter-level travel time spent in this place.
 C = Inter-level travel time spent in this place.
 D = Time resting spent in this place.
 E = Time spent auto-exploring this place.
 F = Levels seen in this place.
 G = Mean time per level.
                   A        B        C        D        E       F      G
               +--------+--------+--------+--------+--------+-----+--------+
         Total |   2217 |   2177 |     40 |    404 |   1503 |   3 |  739.0 |
       Dungeon |   2217 |   2177 |     40 |    404 |   1503 |   3 |  739.0 |
               +--------+--------+--------+--------+--------+-----+--------+

Top non-repeatable levels by time:
     D:1: 1187 daAuts
     D:2: 776 daAuts
     D:3: 252 daAuts
